 Dungeon Crawl Stone Soup version 0.31-a0-164-g2312942fda (webtiles) character file.

Game seed: 14004723414429866939

214 qw the Chopper (level 5, -8/33 HPs)
             Began as a Gargoyle Fighter on June 13, 2023.
             Killed by divine providence
             ... invoked by an orc priest
              (9 damage)
             ... on level 3 of the Dungeon.
             The game lasted 00:01:13 (2212 turns).

qw the Chopper (Gargoyle Fighter)                   Turns: 2212, Time: 00:01:13

Health: -8/33      AC: 10    Str: 21    XL:     5   Next: 91%
Magic:  5/5        EV:  9    Int:  9    God:
Gold:   187        SH:  4    Dex:  9    Spells: 4/4 levels left

rFire   . . .        Y - +0 war axe
rCold   . . .        c - +0 buckler
rNeg    + . .        b - +0 scale mail
rPois   inf          (no helmet)
rElec   +            (no cloak)
rCorr   .            (no gloves)
SInv    .            (no boots)
Will    .....        (no amulet) Stlth
                     (no ring)
HPRegen 0.25/turn    (no ring)
MPRegen 0.09/turn

%: no passive effects
@: no status effects
A: sickness immunity, AC +4, negative energy resistance 1, electricity
resistance, torment resistance 1, petrification resistance
a: no special abilities


You were on level 3 of the Dungeon.
You visited 1 branch of the dungeon, and saw 3 of its levels.

You collected 187 gold pieces.


Innate Abilities, Weirdness & Mutations

You are immune to sickness and miasma.
Your stone body is resilient. (AC +4)
You are immune to poison.
You resist negative energy. (rN+)
You are resistant to electric shocks. (rElec)
You are resistant to unholy torment.
You are immune to petrification.


   Skills:
 - Level 4.0 Fighting
 - Level 5.0 Axes
 - Level 3.2 Armour
 + Level 0.0 Dodging
 - Level 3.2 Shields


You had 4 spell levels left.
You didn't know any spells.
Your spell library was empty.

Inventory:

Hand Weapons
 h - a +0 flail
 Y - a +0 war axe (weapon)
Missiles
 e - a boomerang (quivered)
Armour
 b - a +0 scale mail (worn)
 c - a +0 buckler (worn)
Jewellery
 a - an amulet of reflection
Scrolls
 g - 3 scrolls of identify
Potions
 d - 2 potions of might
 f - a potion of lignification {unknown}
 i - a potion of enlightenment {unknown}
 j - a potion of magic {unknown}

Dungeon Overview and Level Annotations

Branches:
Dungeon (3/15)

Altars:


Message History

The orc wizard is moderately wounded.
You closely miss the orc wizard. You closely miss the orc.
The orc wizard points at you and mumbles some strange words.
You are confused.
The orc hits you with a +0 falchion. The orc wizard casts a spell at you.
You resist with some effort. The orc priest closely misses you.
The orc wizard casts a spell at you. The magic dart hits you.
The orc hits you but does no damage. The orc wizard barely misses you.
The orc priest hits you from afar with a +0 trident.
The orc wizard hits you but does no damage.
The orc hits you but does no damage.
The orc priest hits you but does no damage.
The orc wizard misses you.
The orc wizard points at you and mumbles some strange words.
The puff of flame hits you but does no damage.
The orc hits you but does no damage.
The orc wizard hits you with a +0 dagger of protection.
The orc priest hits you but does no damage.
The orc wizard completely misses you. The orc hits you but does no damage.
The orc wizard hits you but does no damage.
The orc priest hits you but does no damage.
You feel less confused. The orc wizard closely misses you.
The orc barely misses you. You block the orc priest's attack.
The orc wizard closely misses you.
You slash the orc wizard!
The orc wizard is almost dead.
You hit the orc but do no damage. You completely miss the orc wizard.
The orc wizard casts a spell at you. The puff of flame misses you.
The puff of flame hits the orc!
The orc dies!
The orc priest closely misses you.
The orc wizard hits you with a +0 dagger of protection.
You hit the orc wizard.
You kill the orc wizard!
You hit the orc wizard but do no damage.
The orc priest invokes the aid of Beogh against you.
Beogh smites you!
You die...

........... ..!......
......... ......!..
.....#.# # ..o.#.# #.
#%)#.#### #
##.#..#@o...... .#
......)....#####.####
............)........
........#.)...%..#
........#..)#.#########
##....#.....#..........
.........#.##..########
...........##..#
.........####..#


You could see an orc priest and an orc wizard.

Vanquished Creatures
  An orc priest (D:2)
  2 orc wizards
  5 adders
  4 gnolls (D:3)
  An ufetubus (D:2)
  2 dart slugs (D:1)
  4 orcs
  6 bats
  8 endoplasms
  2 giant cockroaches
  4 goblins
  4 hobgoblins
  2 quokkas
  4 ball pythons
  5 frilled lizards
  5 kobolds
  7 rats
66 creatures vanquished.

Vanquished Creatures (others)
  An orc (D:3)
1 creature vanquished.

Grand Total: 67 creatures vanquished

Notes
Turn   | Place    | Note
-------+----------+-------------------------------------------
     0 | D:1      | qw the Gargoyle Fighter began the quest for the Orb.
     0 | D:1      | Reached XP level 1. HP: 14/14 MP: 1/1
     0 | D:1      | 0 ||| qw: Version: 0.2-a-29-gc1b59c4
     0 | D:1      | 0 ||| qw: Game counter: 4504
     0 | D:1      | 0 ||| qw: Always use a shield: true
     0 | D:1      | 0 ||| qw: God list: Okawaru
     0 | D:1      | 0 ||| qw: Allow faded altars: false
     0 | D:1      | 0 ||| qw: Do Orc after D:15 true
     0 | D:1      | 0 ||| qw: Do second Lair branch before Depths: true
     0 | D:1      | 0 ||| qw: Lair rune preference: random
     0 | D:1      | 0 ||| qw: Plans: Normal, Zot:1-4, Slime:5, God:TSO, Crypt,
                  | Tomb, Abyss, Pan, Hells, Win
     0 | D:1      | 0 ||| PLANNING D:1-11
    68 | D:1      | Reached skill level 2 in Axes
   140 | D:1      | Reached XP level 2. HP: 19/19 MP: 2/2
   228 | D:1      | 228 ||| DROPPING +0 club.
   398 | D:1      | Reached skill level 3 in Axes
   466 | D:1      | Reached XP level 3. HP: 23/23 MP: 3/3
   916 | D:1      | 916 ||| READING 2 scrolls labelled OJOURE LAQYRGHU.
   921 | D:1      | 921 ||| READING scroll labelled LIUVUR LATAF.
   922 | D:1      | 922 ||| READING scroll labelled OTEMIXZ CUCUN.
   960 | D:2      | 960 ||| STAIRDANCE
   980 | D:2      | 980 ||| STAIRDANCE
   984 | D:1      | HP: 4/23 [orc/+0 war axe (3)]
   985 | D:1      | 985 ||| READING scroll of teleportation.
   985 | D:1      | HP: 1/23 [orc/+0 war axe (3)]
  1097 | D:2      | 1097 ||| Stepping ~*~*~tactically~*~*~ (stealth).
  1109 | D:2      | Reached XP level 4. HP: 22/28 MP: 4/4
  1163 | D:2      | 1163 ||| Stepping ~*~*~tactically~*~*~ (stealth).
  1164 | D:2      | 1164 ||| Stepping ~*~*~tactically~*~*~ (stealth).
  1170 | D:2      | Reached skill level 4 in Axes
  1377 | D:2      | 1377 ||| Stepping ~*~*~tactically~*~*~ (stealth).
  1379 | D:2      | 1379 ||| Stepping ~*~*~tactically~*~*~ (hiding).
  1380 | D:2      | 1380 ||| Stepping ~*~*~tactically~*~*~ (hiding).
  1387 | D:2      | HP: 4/28 [orc priest/nerve-wracking pain (6)]
  1393 | D:2      | Reached XP level 5. HP: 7/32 MP: 5/5
  1399 | D:2      | 1399 ||| Stepping ~*~*~tactically~*~*~ (stealth).
  1400 | D:2      | 1400 ||| FLEEEEING.
  1517 | D:2      | 1517 ||| Stepping ~*~*~tactically~*~*~ (stealth).
  1518 | D:2      | 1518 ||| Stepping ~*~*~tactically~*~*~ (stealth).
  1529 | D:2      | 1529 ||| Stepping ~*~*~tactically~*~*~ (stealth).
  1763 | D:2      | 1763 ||| READING scroll labelled ZOFFOPL FIKKA.
  1764 | D:2      | 1764 ||| READING 2 scrolls of identify.
  1764 | D:2      | 1764 ||| IDENTIFYING cyan potion
  1765 | D:2      | 1765 ||| DROPPING potion of degeneration.
  1896 | D:3      | Reached skill level 5 in Axes
  1984 | D:3      | 1984 ||| Stepping ~*~*~tactically~*~*~ (hiding).
  1985 | D:3      | 1985 ||| Stepping ~*~*~tactically~*~*~ (hiding).
  2121 | D:3      | 2121 ||| Stepping ~*~*~tactically~*~*~ (hiding).
  2195 | D:3      | 2195 ||| Stepping ~*~*~tactically~*~*~ (hiding).
  2197 | D:3      | 2197 ||| Stepping ~*~*~tactically~*~*~ (stealth).
  2206 | D:3      | HP: 8/33 [orc wizard/magic dart (2)]
  2208 | D:3      | HP: 3/33 [orc wizard/+0 dagger of protection (1)]
  2211 | D:3      | HP: 1/33 [orc wizard/+0 dagger of protection (3)]
  2212 | D:3      | Killed from afar by an orc priest

Levels and vault maps discovered:
D:1:      dpeg_arrival_rooms_a, layout_loops_corners
D:2:      layout_rooms
D:3:      layout_basic

Skill      XL: |  1  2  3  4  5 |
---------------+----------------+-----
Axes           | 2 3 4 5 |  5.0
Fighting       | 4 |  4.0
Armour         | |  3.2
Shields        | |  3.2

Action                     |  1- 3 |  4- 6 || total
---------------------------+-------+-------++-------
  Melee: War axe           |    99 |    96 ||   195
  Throw: Boomerang         |       |     2 ||     2
    Use: Scroll            |     4 |     2 ||     6
 Armour: Scale mail        |    48 |    63 ||   111
  Dodge: Dodged            |    41 |    63 ||   104
  Block: Buckler           |    17 |    17 ||    34

Table legend:
 A = Non-vault XP
 B = Vault XP
 C = Vault XP percentage of total XP
 D = Non-vault monster count
 E = Vault monster count
 F = Vault count percentage of total count
                 A         B        C        D         E       F
            +---------+---------+-------+---------+---------+-------
      Total |     341 |       0 |   0.0 |      66 |       0 |   0.0
            +---------+---------+-------+---------+---------+-------
        D:1 |      54 |       0 |   0.0 |      29 |       0 |   0.0
        D:2 |     155 |       0 |   0.0 |      23 |       0 |   0.0
        D:3 |     132 |       0 |   0.0 |      14 |       0 |   0.0
            +---------+---------+-------+---------+---------+-------
